 Dungeon Crawl Stone Soup version 0.17-a0-1262-gd250d98 (webtiles) character file.

40 inmateoo the Chiller (level 3, 0/26 HPs)
             Began as a Draconian Ice Elementalist on June 7, 2015.
             Was an Initiate of Cheibriados.
             Slain by Ijyb
             ... wielding a +2 dagger of venom
              (5 damage)
             ... on level 2 of the Dungeon.
             The game lasted 00:02:10 (1194 turns).

inmateoo the Chiller (Draconian Ice Elementalist)   Turns: 1194, Time: 00:02:11

Health: 0/26       AC: 11    Str: 11    XL:     3   Next: 30%
Magic:  3/7        EV: 12    Int: 17    God:    Cheibriados [......]
Gold:   14         SH:  0    Dex: 12    Spells: 2 memorised, 4 levels left

rFire  . . .     SeeInvis .     (no weapon)
rCold  . . .     Clarity  .     (armour unavailable)
rNeg   . . .     SustAt   .     (no shield)
rPois  .         Gourm    +     (helmet restricted)
rElec  .         Spirit   .     h - +2 cloak
rCorr  .         Warding  .     j - +2 pair of gloves
rMut   .         Stasis   .     (no boots)
MR     .....                    k - amulet of the gourmand
Stlth  +.........               (no ring)
                                (no ring)

@: confused, lethally poisoned (0 -> -36), flying, very slow, not resistant to
hostile enchantments, very unstealthy
A: unfitting armour, cold-blooded, AC +5
a: Bend Time, Renounce Religion


You were on level 2 of the Dungeon.
You worshipped Cheibriados.
Cheibriados was noncommittal.
You were hungry.

You visited 1 branch of the dungeon, and saw 2 of its levels.

You collected 14 gold pieces.

Inventory:

Armour
 h - a +2 cloak (worn)
 j - a +2 pair of gloves (worn)
Jewellery
 k - an amulet of the gourmand (around neck)
Scrolls
 e - 2 scrolls of identify {unknown}
 l - a scroll of amnesia {unknown}
 m - a scroll of recharging {unknown}
Potions
 g - a potion of flight
 i - a potion of curing {unknown}
Books
 a - a book of Frost

   Spells                             Type                      Level
   a - Freeze                         Ice                          1
   b - Throw Frost                    Conjuration/Ice              2
   c - Ozocubu's Armour               Charms/Ice                   3
   d - Throw Icicle                   Conjuration/Ice              4
   e - Summon Ice Beast               Ice/Summoning                4
   f - Condensation Shield            Ice                          4
Comestibles
 b - 2 bread rations
 c - a meat ration
 f - 3 fruits


   Skills:
 - Level 1.7 Dodging
 - Level 1.7 Stealth
 + Level 2.7 Spellcasting
 - Level 1.0 Conjurations
 * Level 3.9 Ice Magic


You had 4 spell levels left.
You knew the following spells:

 Your Spells              Type           Power        Failure   Level  Hunger
a - Freeze                Ice            ###.         3%          1    #......
b - Throw Frost           Conj/Ice       ##....       12%         2    ##.....


Dungeon Overview and Level Annotations

Branches:
Dungeon (2/15)

Altars:
Cheibriados

Annotations:
D:2 Ijyb


Innate Abilities, Weirdness & Mutations

Your plain brown scales are hard (AC +5).
Your body does not fit into most forms of armour.
You are cold-blooded and may be slowed by cold attacks.


Message History

Ijyb hits you but does no damage.
Drink which item? (? for menu, Esc to quit)
It was a potion of flight.
You feel very buoyant.
You fly up into the air.
* * * LOW HITPOINT WARNING * * *
You feel very sick. Ijyb hits you but does no damage.
You are more poisoned.
Drink which item? (? for menu, Esc to quit)
You can't drink that!
Unknown command.
Drink which item? (? for menu, Esc to quit)
It was a potion of ambrosia.
You are confused.
You feel invigorated.
* * * LOW HITPOINT WARNING * * *
You feel very sick. Ijyb hits you with a dagger of venom.
You die...

### ..############
..#......#...# #
..#......#...#######.#..
..#....(.#.............!
.........'.......g...=..
##.......#...#..@##.#
##.......+...#...#
###......#...#...#
.#####+#######...# .#
#.#######...##
.#####.##.........#
..#................
.....#.##...........
.....#.##..........


You could see Ijyb.

Vanquished Creatures
  A gnoll (D:1)
  A worm (D:2)
  4 giant cockroaches
  4 hobgoblins
  5 kobolds (D:1)
  6 bats
  3 goblins
  3 rats
27 creatures vanquished.

Notes
Turn   | Place    | Note
--------------------------------------------------------------
     0 | D:1      | inmateoo the Draconian Ice Elementalist began the quest for the Orb.
     0 | D:1      | Reached XP level 1. HP: 14/14 MP: 3/3
   151 | D:1      | Reached XP level 2. HP: 14/20 MP: 0/5
   235 | D:1      | Learned a level 2 spell: Throw Frost
   345 | D:1      | Found a snail-covered altar of Cheibriados.
   353 | D:1      | Became a worshipper of Cheibriados the Contemplative
   738 | D:1      | Reached XP level 3. HP: 26/26 MP: 5/7
  1177 | D:2      | Noticed Ijyb
  1194 | D:2      | Slain by Ijyb

Vault maps used:
D:1:      dpeg_arrival_water_temple_mockup, cheibriados_altar_1
D:2:      nicolae_gozag_seed_capital, uniq_crazy_yiuf_cottage, uniq_iyjb

Action                   || total
-------------------------++-------
Melee: Unarmed           ||    20
 Cast: Freeze            ||    51
  Use: Potion            ||     2
 Stab: Sleeping          ||     1
  Eat: Chunk             ||     1
